 Dungeon Crawl Stone Soup version 0.18.1-8-gdd0e5ea (webtiles) character file.

1980 nikopol the Spear-Bearer (level 9, -3/81 HPs)
             Began as a Minotaur Berserker on May 29, 2016.
             Was a High Priest of Trog.
             Killed from afar by an ice statue (32 damage)
             ... with a bolt of cold
             ... on level 8 of the Dungeon.
             The game lasted 00:19:32 (6689 turns).

nikopol the Spear-Bearer (Minotaur Berserker)       Turns: 6689, Time: 00:19:33

Health: -3/81      AC:  8    Str: 22    XL:     9   Next: 1%
Magic:  8/8        EV: 13    Int:  4    God:    Trog [*****.]
Gold:   412        SH:  0    Dex: 13    Spells: 0 memorised, 8 levels left

rFire  . . .     SeeInvis .     o - +0 trident
rCold  . . .     Gourm    .     H - +0 scale mail
rNeg   . . .     Faith    .     (no shield)
rPois  .         Spirit   .     (helmet restricted)
rElec  .         Dismiss  .     (no cloak)
rCorr  .         Reflect  .     (no gloves)
SustAt +         Harm     .     (no boots)
MR     ++...                    (no amulet)
Stlth  ..........               v - ring of sustain attributes
                                l - ring of flight

@: regenerating, very resistant to hostile enchantments, extremely unstealthy
A: retaliatory headbutt, horns 2
a: Berserk, Trog's Hand, Brothers in Arms, Burn Spellbooks, Renounce Religion,
Evoke Flight


You were on level 8 of the Dungeon.
You worshipped Trog.
Trog was extremely pleased with you.
You were near starving.

You visited 1 branch of the dungeon, and saw 8 of its levels.

You collected 502 gold pieces.
You spent 90 gold pieces at shops.

Inventory:

Hand Weapons
 a - a +0 spear
 o - a +0 trident (weapon)
 K - a +2 glaive of freezing
Missiles
 e - 59 arrows
Armour
 H - a +0 scale mail (worn)
Jewellery
 l - a ring of flight (left hand)
 v - a ring of sustain attributes (right hand)
 y - a +6 amulet of reflection {unknown}
 M - an uncursed ring of poison resistance {unknown}
Wands
 w - a wand of flame (13/48)
 J - a wand of acid (5/15)
Scrolls
 b - 4 scrolls of identify
 d - a scroll of magic mapping {unknown}
 m - a scroll of silence {unknown}
 q - 4 scrolls of fear {unknown}
 t - a scroll of enchant armour
 u - 3 scrolls of immolation {unknown}
 x - 2 scrolls of blinking {unknown}
 B - 5 scrolls of amnesia {unknown}
 C - 4 scrolls of teleportation {unknown}
 D - 2 scrolls of recharging {unknown}
 E - 2 scrolls of fog {unknown}
 F - 2 scrolls of summoning {unknown}
 I - a scroll of noise {unknown}
 L - a scroll of remove curse
Potions
 f - 2 potions of agility {unknown}
 i - 2 potions of flight
 j - 2 potions of heal wounds {unknown}
 k - 3 potions of curing
 p - a potion of cure mutation {unknown}
 r - a potion of cancellation {unknown}
 s - a potion of invisibility {unknown}
 z - a potion of might {unknown}
 A - 2 potions of brilliance {unknown}
Comestibles
 c - 5 bread rations
 g - a meat ration
 h - 4 beef jerkies
 n - 3 fruits
 G - a slice of pizza


   Skills:
 + Level 7.9 Fighting
 + Level 8.1 Polearms
 + Level 7.3 Armour
 + Level 6.6 Dodging


You had 8 spell levels left.
You didn't know any spells.

Dungeon Overview and Level Annotations

Branches:
Dungeon (8/15)             Temple (0/1) D:6
   Lair: D:8-11

Altars:
Fedhas
Gozag
Kikubaaqudgha
Makhleb
Pakellas
Ru
Vehumet
The Shining One

Shops:
D:5 *

Annotations:
D:8 exclusion: ice statue


Innate Abilities, Weirdness & Mutations

You reflexively headbutt those who attack you in melee.
You have a pair of horns on your head.


Message History

Aim: an ice statue You reach to attack!
You hit the ice statue but do no damage.
Attack whom?
Press: ? - help, Dir - move target cursor, f/p - ice statue
Aim: an ice statue You reach to attack!
You puncture the ice statue!
The ice statue is lightly damaged.
The ice statue gestures at you. The bolt of cold hits you!
You're too hungry to go berserk.
Your skin crawls.
You feel resistant to hostile enchantments.
You feel slightly more hungry. The ice statue gestures at you.
The freezing blast engulfs you!
You are engulfed in freezing vapours.
The ice statue gestures at you. The bolt of cold hits you!
You die...

#.#####'########
..$.(...........
#..#.##........#
.. #......... ##
##........
##§§.$.###.
##§§§..##
##§§§§.##
#?.8@§## ##...##
##)## ##


You could see an ice statue.

Vanquished Creatures
  Menkaure (D:5)
  An orc warrior (D:6)
  2 sky beasts (D:7)
  3 ogres
  A crocodile (D:7)
  3 giant frogs
  2 scorpions
  6 killer bees (D:7)
  A howler monkey (D:5)
  2 crimson imps (D:7)
  A quasit (D:5)
  2 orc priests
  6 orc wizards
  Jessica (D:2)
  Ijyb (D:2)
  An iguana (D:7)
  2 worker ants (D:5)
  A hound zombie (D:6)
  A hound skeleton (D:6)
  5 adders
  An adder zombie (D:6)
  An ooze (D:5)
  2 adder skeletons (D:7)
  A worm (D:2)
  2 giant geckos
  19 orcs
  5 bats
  5 giant cockroaches
  14 hobgoblins
  8 jackals
  11 kobolds
  4 quokkas
  4 ball pythons
  A giant gecko skeleton (D:7)
  10 giant newts
  20 goblins
  8 rats
159 creatures vanquished.

Vanquished Creatures (others)
  A human (D:6)
  4 toadstools (D:1)
5 creatures vanquished.

Grand Total: 164 creatures vanquished

Notes
Turn   | Place    | Note
--------------------------------------------------------------
     0 | D:1      | nikopol the Minotaur Berserker began the quest for the Orb.
     0 | D:1      | Reached XP level 1. HP: 19/19 MP: 0/0
   289 | D:1      | Reached XP level 2. HP: 26/27 MP: 1/1
   578 | D:1      | Reached ** piety under Trog
   817 | D:2      | Reached XP level 3. HP: 33/33 MP: 2/2
   843 | D:2      | Noticed Jessica
   851 | D:2      | Killed Jessica
   851 | D:2      | Reached skill level 4 in Polearms
  1004 | D:2      | Reached XP level 4. HP: 41/41 MP: 3/3
  1214 | D:2      | Reached *** piety under Trog
  1440 | D:2      | Noticed Ijyb
  1453 | D:2      | Killed Ijyb
  1991 | D:3      | Reached XP level 5. HP: 47/47 MP: 4/4
  2067 | D:3      | Reached skill level 5 in Fighting
  2168 | D:3      | Found a burning altar of Makhleb.
  2168 | D:3      | Noticed an Executioner
  2478 | D:4      | Found a radiant altar of Vehumet.
  2483 | D:4      | Found an oddly glowing altar of Pakellas.
  2484 | D:4      | Found an opulent altar of Gozag.
  2614 | D:4      | Reached skill level 5 in Polearms
  2617 | D:4      | Reached **** piety under Trog
  3024 | D:4      | Reached XP level 6. HP: 51/56 MP: 5/5
  3133 | D:4      | Got a twisted leather armour
  3144 | D:4      | Identified the cursed +0 leather armour of Leapfrog {Int+3} (You found it on level 4 of the Dungeon)
  3376 | D:4      | Found a glowing golden altar of the Shining One.
  3453 | D:4      | Found a sacrificial altar of Ru.
  3512 | D:5      | Entered Level 5 of the Dungeon
  4050 | D:5      | Noticed Menkaure
  4060 | D:5      | Killed Menkaure
  4221 | D:5      | Reached XP level 7. HP: 58/62 MP: 6/6
  4251 | D:5      | Reached skill level 6 in Polearms
  4255 | D:5      | Reached skill level 5 in Armour
  4379 | D:5      | Found Biph's General Store.
  4388 | D:5      | Bought a scroll of enchant armour for 90 gold pieces
  4688 | D:5      | HP: 3/63 [poisoned by an orc wizard]
  4693 | D:5      | HP: 3/63 [poisoned by an orc wizard]
  4698 | D:5      | HP: 2/63 [poisoned by an orc wizard]
  5185 | D:6      | Reached skill level 5 in Dodging
  5199 | D:6      | Found a staircase to the Ecumenical Temple.
  5246 | D:6      | Found an ancient bone altar of Kikubaaqudgha.
  5246 | D:6      | Noticed a human
  5250 | D:6      | Killed a human
  5641 | D:6      | Reached XP level 8. HP: 65/71 MP: 7/7
  5743 | D:7      | Reached skill level 7 in Polearms
  5827 | D:7      | Reached ***** piety under Trog
  6415 | D:7      | Found a blossoming altar of Fedhas.
  6435 | D:7      | Received a gift from Trog
  6438 | D:7      | Reached skill level 8 in Polearms
  6507 | D:7      | Reached XP level 9. HP: 50/81 MP: 8/8
  6678 | D:8      | Noticed an ice statue
  6689 | D:8      | Killed from afar by an ice statue

Skill      XL: |  1  2  3  4  5  6  7  8 |
---------------+-------------------------+-----
Armour         | 3 4 6 7 |  7.3
Fighting       | 4 5 6 7 |  7.9
Polearms       | 4 5 6 8 |  8.1
Dodging        | 3 4 5 6 |  6.6

Action                   |  1- 3 |  4- 6 |  7- 9 || total
-------------------------+-------+-------+-------++-------
Melee: Spear             |    44 |       |       ||    44
       Headbutt          |    14 |    17 |    39 ||    70
       Trident           |    38 |   207 |   176 ||   421
       Glaive            |       |       |    11 ||    11
Invok: Berserk           |       |     3 |     2 ||     5
       Burn Spellbooks   |       |     1 |       ||     1
       Trog's Hand       |       |       |     1 ||     1
  Use: Scroll            |       |     5 |     1 ||     6
  Eat: Chunk             |       |    10 |    10 ||    20
       Royal jelly       |       |     1 |       ||     1
Armor: Ring mail         |     9 |    48 |       ||    57
       Leather armour    |       |    17 |       ||    17
       Scale mail        |       |     4 |    49 ||    53
Dodge: Dodged            |    33 |   150 |    74 ||   257
